 Dungeon Crawl Stone Soup version 0.20.1-1-g8b1a95d (webtiles) character file.

801265 JeffiDaFish the Gargoyle Barricade (level 27, -13/175 HPs)
             Began as a Gargoyle Fighter on Sept 27, 2017.
             Was the Champion of Okawaru.
             Killed from afar by a shadow dragon (23 damage)
             ... with a bolt of negative energy
             ... on level 4 of the Realm of Zot on Oct 2, 2017.
             The game lasted 04:40:22 (83357 turns).

JeffiDaFish the Gargoyle Barricade (GrFi)          Turns: 83357, Time: 04:40:22

Health: -13/175    AC: 61    Str: 36    XL:     27
Magic:  40/40      EV: 28    Int: 12    God:    Okawaru [******]
Gold:   4222       SH: 23    Dex: 27    Spells: 47/52 levels left

rFire    + + +     SeeInvis +   v - +5 demon whip of Causality {vamp, Str+4}
rCold    + . .     Gourm    .   z - +2 shield "Baugygett" {rC+}
rNeg     + . .     Faith    .   q - +8 plate armour {rF+}
rPois    ∞         Spirit   .   A - +2 helmet {SInv}
rElec    +         Reflect  .   D - +2 cloak {MR+}
rCorr    .         Harm     .   m - +1 pair of gloves of Kleptomania {-Cast MR+ Dex+9 SInv}
MR       ++++.     NoCast   +   L - +2 pair of boots {run}
Stlth    ..........             o - amulet "Reankis" {+Rage Str+4}
Regen    0.0/turn               Q - +5 ring of strength
MPRegen  0.3/turn               B - ring of protection from fire

@: berserk cooldown, flying, slowed, studying Invocations, drained, very slow
A: big wings, repulsion field 1, deformed body, fire resistance 1, frail 1,
negative energy resistance 1, sense surroundings 1, screaming 2, shaggy fur 1,
electricity resistance, inhibited regeneration, strong 1, unbreathing,
petrification resistance, rot immunity, MP-powered wands, AC +20
}: 4/15 runes: decaying, serpentine, silver, icy
a: Stop Flying, Heroism, Finesse, Renounce Religion, Evoke Berserk Rage


You were on level 4 of the Realm of Zot.
You worshipped Okawaru.
Okawaru was exalted by your worship.
You were hungry.

You visited 13 branches of the dungeon, and saw 60 of its levels.
You visited Pandemonium 1 time, and saw 4 of its levels.
You also visited: Labyrinth, Bailey and Wizlab.

You collected 8183 gold pieces.
You spent 3961 gold pieces at shops.

Inventory:

Hand Weapons
 l - a +6 vampiric morningstar
 v - the +5 demon whip of Causality (weapon) {vamp, Str+4}
   (Okawaru gifted it to you on level 1 of the Lair of Beasts)

   It inflicts no extra harm, but heals its wielder when it wounds a living foe.
   It affects your strength (+4).
Armour
 m - the +1 pair of gloves of Kleptomania (worn) {-Cast MR+ Dex+9 SInv}
   (You acquired it on level 1 of the Snake Pit)

   It affects your dexterity (+9).
   It affects your resistance to hostile enchantments.
   It lets you see invisible.
   It prevents spellcasting.
 q - a +8 plate armour of fire resistance (worn)
 z - the +2 shield "Baugygett" (worn) {rC+}
   (Okawaru gifted it to you on level 6 of the Lair of Beasts)

   It protects you from cold.
 A - a +2 helmet of see invisible (worn)
 D - a +2 cloak of magic resistance (worn)
 I - the +2 cloak of Vequumunu {rPois rC+ rCorr}
   (You found it in a wizard's laboratory)

   It protects you from cold.
   It protects you from poison.
   It protects you from acid and corrosion.
 L - a +2 pair of boots of running (worn)
 P - a +1 pair of gloves of strength
Jewellery
 a - a +5 ring of evasion
 o - the amulet "Reankis" (around neck) {+Rage Str+4}
   (You took it off an ironheart preserver on level 5 of the Vaults)

   [amulet of rage]

   It affects your strength (+4).
   It lets you go berserk.
 B - a ring of protection from fire (right hand)
 G - a +4 ring of dexterity
 K - the ring of the Bruised Deaths {rC++ Stlth+}
   (You found it on level 3 of the Elven Halls)

   [ring of stealth]

   It greatly protects you from cold.
   It makes you more stealthy.
 O - a +6 ring of strength
 Q - a +5 ring of strength (left hand)
Wands
 N - a wand of clouds (7/9)
Scrolls
 k - 27 scrolls of remove curse
 n - 4 scrolls of identify
 r - 4 scrolls of recharging
 t - 2 scrolls of blinking
 w - 4 scrolls of fog
 x - 19 scrolls of teleportation
 y - 8 scrolls of magic mapping
 H - 5 scrolls of fear
 M - a scroll of enchant armour
Potions
 c - 4 potions of cancellation
 d - a potion of resistance
 e - 2 potions of berserk rage
 j - 6 potions of curing
 s - 3 potions of haste
 u - a potion of magic
 E - 7 potions of might
 F - 3 potions of agility
Books
 p - a manual of Invocations
 J - Golubria's Papyrus of the Compass
   (You found it in a wizard's laboratory)

   Spells                             Type                      Level
   a - Shroud of Golubria             Charms/Translocation         2
   b - Blink                          Translocation                2
   c - Portal Projectile              Hexes/Translocation          3
   d - Lesser Beckoning               Translocation                3
   e - Force Lance                    Conjuration/Translocation    4
   f - Passage of Golubria            Translocation                4
   g - Summon Forest                  Summoning/Translocation      5
Miscellaneous
 b - the horn of Geryon
Comestibles
 f - 25 bread rations
 g - 11 royal jellies
 h - 25 meat rations
 i - 27 fruits
 C - 10 chunks of flesh


   Skills:
 * Level 25.7(25.1) Fighting
 * Level 25.0(24.4) Maces & Flails
 * Level 25.7(25.1) Armour
 + Level 17.9(17.4) Dodging
 - Level 0.8(0.5) Stealth
 O Level 27(26.3) Shields
 - Level 13.1(12.7) Spellcasting
 - Level 12.6(12.1) Translocations
 - Level 8.7(8.2) Invocations
 + Level 5.4(5.0) Evocations


You had 47 spell levels left.
You knew the following spells:

 Your Spells              Type           Power        Failure   Level  Hunger
a - Blink                 Tloc           N/A          1%          2    None
b - Lesser Beckoning      Tloc           #####.....   1%          3    None


Dungeon Overview and Level Annotations

Branches:
Dungeon (15/15)            Temple (1/1) D:7            Lair (6/6) D:11
  Swamp (4/4) Lair:2        Snake (4/4) Lair:4        Slime (0/5) Lair:6
    Orc (2/2) D:11            Elf (3/3) Orc:2        Vaults (5/5) D:14
  Crypt (3/3) Vaults:3       Tomb (0/3) Crypt:3      Depths (5/5) D:15
   Hell (1/1)                 Dis (0/7) Hell            Geh (0/7) Hell
    Coc (7/7) Hell            Tar (0/7) Hell            Zot (4/5) Depths:5

Altars:
Ashenzari
Cheibriados
Dithmenos
Elyvilon
Fedhas
Gozag
Hepliaklqana
Kikubaaqudgha
Makhleb
Nemelex Xobeh
Okawaru
Qazlal
Ru
Sif Muna
Trog
Uskayaw
Vehumet
Xom
Yredelemnul
Zin
The Shining One
Lugonu

Shops:
D:4 [   D:8 ?   D:10 =   D:13 *   Orc:2 ([:(   Snake:1 =[:!   Vaults:1 %
Vaults:2 [   Vaults:4 (   Vaults:5 (}?!}

Portals:
Hell: Depths:1 Depths:2 Depths:3 Depths:4 Depths:5
Abyss: Depths:2 Depths:3 Depths:4
Pandemonium: Depths:3
Ziggurat: Depths:2


Innate Abilities, Weirdness & Mutations

You are resistant to torment.
Your stone body is resilient. (AC +20)
You are immune to poison.
Your large and strong wings let you fly indefinitely.
You resist negative energy. (rN+)
You are resistant to electric shocks. (rElec)
You can survive without breathing.
You are immune to petrification.
You are immune to rotting.
You are surrounded by a mild repulsion field. (EV +2)
Armour fits poorly on your strangely shaped body.
Your flesh is heat resistant. (rF+)
You are frail. (-10% HP)
You passively map a small area around you.
You sometimes yell uncontrollably at your foes.
You are covered in fur. (AC +1)
You do not regenerate when monsters are visible.
Your muscles are strong. (Str +2)
You expend magic power (3 MP) to strengthen your wands.


Message History

The shadow dragon completely misses you.
The shadow dragon claws you but does no damage.
You block the shadow dragon's attack.
You thrash the shadow dragon!!
The shadow dragon is almost dead.
You barely miss the shadow dragon.
The shadow dragon is almost dead.
You block the shadow dragon's attack.
The shadow dragon claws you but does no damage.
The shadow dragon claws you!
* * * LOW HITPOINT WARNING * * *
You hit the shadow dragon.
The shadow dragon is almost dead.
You block the shadow dragon's attack. x2
The shadow dragon completely misses you.
You hit the shadow dragon but do no damage.
The shadow dragon is almost dead.
The shadow dragon breathes negative energy at you.
The bolt of negative energy hits you! You partially resist.
You feel drained.
You die...

..D.. #.......§. ≈
,......##......#**
* .###...').....#
* .#q#...#))....#
*,*
,.###...#))....+,
* ......##))..[.#
** ### * *######
#>)....#+#### #.#
#D..........####.#
*
#@..........'....<
#...........######
* #...........#
#...........# * *
#...........# *
#..........}#
#......}....# ,
#$..........#
*,#...........#


You could see a shadow dragon.

Vanquished Creatures
  Antaeus (Coc:7)
  4 orbs of fire
  3 ancient liches (Vaults:5)
  Mara (Swamp:4)
  2 juggernauts (Depths:3)
  25 shard shrikes
  Boris (Vaults:4)
  Saint Roka (Depths:1)
  3 curse toes
  2 caustic shrikes
  Geryon (Hell)
  Nikola (Swamp:4)
  12 golden dragons
  7 bone dragons
  the Enchantress (Depths:2)
  A profane servitor (Crypt:3)
  Jorgrun (Vaults:1)
  2 electric golems (Zot:2)
  9 liches
  2 Brimstone Fiends
  13 tentacled monstrosities
  22 Ice Fiends
  6 titans
  2 deep elf master archers (Elf:3)
  3 quicksilver dragons
  2 pandemonium lords
  The ghost of Inchmeat the Slayer, an adept MfGl of the Shining One (Snake:4)
  A tentacled starspawn (WizLab)
  2 deep elf blademasters (Elf:3)
  5 sphinxes
  4 eldritch tentacles
  10 ancient champions
  Frances (Swamp:2)
  2 Executioners (Pan)
  Gastronok (Lair:2)
  A death cob (Zot:2)
  3 thorn hunters
  10 shadow dragons
  11 storm dragons
  9 tengu reavers
  3 revenants (Crypt:3)
  An azure jelly (Swamp:4)
  11 draconian monks
  6 draconian knights
  Donald (Snake:3)
  7 nagarajas
  The ghost of Histuphus the Severer, a journeyman HOFi of Beogh (D:15)
  6 cacodemons (Pan)
  19 fire giants
  3 iron dragons
  The ghost of Lucherd the Grappler, a journeyman TrWr of Ru (Lair:5)
  A ghost moth (Zot:3)
  2 balrugs
  17 frost giants
  2 ghouls
  6 draconian shifters
  15 vault wardens
  A juggernaut zombie (D:15)
  4 deep elf sorcerers
  4 draconian scorchers
  20 ironheart preservers
  An orc warlord (Orc:2)
  2 draconian stormcallers
  A curse skull (Crypt:3)
  6 spriggan defenders
  5 deep elf elementalists (Elf:3)
  7 war gargoyles
  9 very ugly things
  12 reapers
  7 draconian annihilators
  3 elemental wellsprings
  33 stone giants
  6 entropy weavers
  14 vampire knights
  A lorocyproca (WizLab)
  7 deep elf demonologists
  8 green draconians
  5 deep elf annihilators (Elf:3)
  Nessos (Lair:4)
  Azrael (Snake:3)
  4 spark wasps
  14 purple draconians
  15 black draconians
  3 yellow draconians (Zot:4)
  16 red draconians
  15 white draconians
  2 eidola (Vaults:3)
  A merfolk impaler (Depths:1)
  A merfolk javelineer (Depths:2)
  25 ettins
  A minotaur (Lab)
  14 deep elf death magi
  5 death oozes (Crypt:1)
  23 blizzard demons
  4 quicksilver dragon zombies
  3 deep elf high priests
  11 jiangshi
  19 fire dragons
  7 kraken zombies
  Josephine (Lair:4)
  10 great orbs of eyes
  18 yaktaur captains
  Harold (D:11)
  36 vault guards
  3 hell beasts
  10 hydras
  7 spriggan air magi
  39 ice dragons
  2 catoblepae
  7 rakshasas
  3 quicksilver dragon skeletons
  15 centaur warriors
  15 naga warriors
  8 tengu warriors
  54 two-headed ogres
  8 anacondas
  24 dancing weapons
  3 alligators
  2 death knights
  13 shock serpents
  23 ogre magi
  9 deep troll shamans
  9 vampire magi
  14 deep troll earth magi
  2 thrashing horrors (WizLab)
  Urug (D:11)
  6 orc high priests
  4 hell knights
  10 spriggan berserkers
  18 naga sharpshooters
  2 titan zombies
  7 hell hogs
  A shock serpent (shapeshifter) (Vaults:5)
  3 storm dragon zombies
  Nergalle (D:11)
  10 soul eaters
  18 deep elf knights
  3 titan skeletons
  6 sun demons
  2 iron golems
  7 iron trolls
  3 shadow wraiths
  7 sixfirhies (Pan)
  82 skeletal warriors
  An unseen horror (shapeshifter) (Vaults:3)
  A salamander mystic (Snake:3)
  5 unseen horrors
  5 golden dragon zombies
  7 shadow dragon zombies
  A deep troll (shapeshifter) (Vaults:5)
  2 death drakes (Depths:5)
  2 ghost moth zombies
  7 glowing orange brains
  The ghost of Alphaeus the Changer, a novice OpTm of Cheibriados (D:7)
  An obsidian statue (WizLab)
  A spriggan druid (Swamp:2)
  6 wizards
  3 flayed ghosts
  4 storm dragon skeletons
  44 deep trolls
  A kraken simulacrum (Coc:4)
  12 anaconda zombies
  3 golden dragon skeletons
  19 orc knights
  A swamp dragon (Swamp:2)
  10 naga ritualists
  16 phantasmal warriors
  5 anaconda skeletons
  2 lindwurms
  7 necromancers
  2 shambling mangroves
  15 harpies
  20 ironbrand convokers
  11 deep elf archers
  4 wolf spider zombies
  2 orange crystal statues
  4 iron dragon zombies
  2 stone giant zombies
  51 deep elf magi
  3 frost giant zombies
  4 orc sorcerers
  49 ugly things
  9 mana vipers
  A mana viper (shapeshifter) (Vaults:5)
  3 shadow dragon skeletons
  4 fire giant zombies
  A manticore (D:12)
  3 fauns (shapeshifter)
  2 worldbinders (WizLab)
  A wolf spider (Vaults:2)
  7 salamanders
  2 guardian serpents (Snake:4)
  2 cyclopes
  Maurice (Orc:1)
  2 shock serpent zombies
  A cyclops (shapeshifter) (Vaults:2)
  11 elephants
  7 frost giant skeletons
  A black mamba (shapeshifter) (Vaults:5)
  16 moths of wrath
  3 ice statues
  7 stone giant skeletons
  A guardian serpent (shapeshifter) (Vaults:4)
  8 smoke demons
  6 fire giant skeletons
  9 rust devils
  2 iron dragon skeletons
  4 dire elephant zombies
  4 orange demons (Pan)
  30 black mambas
  25 naga magi
  14 vault sentinels
  A demonspawn skeleton (WizLab)
  2 gargoyles (Lab)
  A shock serpent skeleton (Coc:2)
  A storm dragon simulacrum (Coc:5)
  3 molten gargoyles
  11 spiny frogs
  A titan simulacrum (Hell)
  A spriggan skeleton (D:15)
  A black draconian zombie (Crypt:3)
  5 spectral swamp worms (Depths:1)
  3 dire elephant skeletons
  2 kobold demonologists (D:15)
  A hellion (Hell)
  A rime drake (shapeshifter) (Vaults:1)
  3 efreet
  An emperor scorpion zombie (Coc:3)
  41 yaktaurs
  52 ice devils
  13 tormentors
  2 anaconda simulacra
  4 rime drakes
  4 hellwings
  52 freezing wraiths
  2 red devils (Hell)
  10 komodo dragons
  2 catoblepas skeletons
  A red draconian skeleton (Coc:5)
  2 demonic crawlers
  A pale draconian skeleton (Crypt:1)
  A death drake zombie (Crypt:3)
  A guardian mummy (D:15)
  2 tengu conjurers
  3 ancient zymes (WizLab)
  A green draconian skeleton (Crypt:3)
  3 jumping spiders (shapeshifter)
  A troll (shapeshifter) (Vaults:3)
  5 polar bears
  16 trolls
  A golden dragon simulacrum (Coc:2)
  A tengu simulacrum (Vaults:3)
  A meliai (shapeshifter) (Vaults:1)
  2 tyrant leeches
  A polar bear (shapeshifter) (Depths:4)
  A raiju (WizLab)
  A jumping spider (Vaults:4)
  A tyrant leech (shapeshifter) (Depths:2)
  4 wind drakes (Depths:5)
  17 hornets
  23 hydra zombies
  A wind drake (shapeshifter) (Vaults:4)
  A blink frog (shapeshifter) (Vaults:4)
  A slime creature (shapeshifter) (Vaults:5)
  7 fire dragon zombies
  Prince Ribbit (D:6)
  24 blink frogs
  A frost giant simulacrum (Coc:2)
  A harpy skeleton (Crypt:1)
  15 alligator zombies
  7 ice dragon zombies
  9 bog bodies
  16 hydra skeletons
  27 slime creatures
  A deep troll zombie (D:15)
  14 dream sheep
  18 hippogriffs
  A stone giant simulacrum (Vaults:2)
  Sigmund (D:3)
  3 ettin zombies
  24 water elementals
  11 spriggans
  4 air elementals
  3 vampires (Crypt:3)
  2 ice dragon skeletons
  A guardian serpent skeleton (Crypt:3)
  18 shadows
  3 starcursed masses (WizLab)
  14 wyverns
  6 fire dragon skeletons
  7 redbacks
  A tarantella (Vaults:2)
  37 yaks
  7 alligator skeletons
  57 flying skulls
  2 black mamba zombies
  26 wraiths
  A fire bat (Pan)
  A fire bat (shapeshifter) (Depths:2)
  5 ettin skeletons
  2 ynoxinuls
  3 basilisks (Lair:6)
  2 black mamba skeletons
  36 fire elementals
  A human (shapeshifter) (Vaults:3)
  A neqoxec (Pan)
  3 hungry ghosts
  22 vampire mosquitoes
  A basilisk (shapeshifter) (Vaults:3)
  3 chaos spawn
  4 swamp worm simulacra (Swamp:4)
  4 steam dragons
  A warg (shapeshifter) (Vaults:5)
  A human simulacrum (Vaults:3)
  10 spatial vortices
  6 wargs
  14 insubstantial wisps
  19 swamp worms
  4 acid dragons
  14 large abominations
  18 hydra simulacra
  44 nagas
  11 water moccasins
  17 spiny frog zombies
  5 porcupines
  24 hell hounds
  6 swamp drakes
  3 tengu skeletons
  3 floating eyes
  6 sky beasts
  3 alligator simulacra
  A swamp dragon zombie (Coc:1)
  4 spiny frog skeletons
  26 ice beasts
  A lindwurm zombie (Crypt:3)
  4 manticore zombies
  A blink frog zombie (Crypt:1)
  4 snapping turtle zombies
  2 ettin simulacra
  A hornet zombie (Crypt:3)
  83 orc warriors
  5 black bears
  2 eyes of draining (D:13)
  An elephant zombie (Crypt:3)
  48 ogres
  3 necrophages
  7 phantoms
  A snapping turtle skeleton (Coc:5)
  20 boggarts
  A human skeleton (WizLab)
  A dream sheep skeleton (Crypt:2)
  A manticore skeleton (Coc:4)
  A blink frog skeleton (Crypt:1)
  27 wolves
  18 centaurs
  14 crocodiles
  7 big kobolds
  A rime drake zombie (Crypt:2)
  An elf zombie (Coc:2)
  19 bullfrogs
  A yaktaur zombie (Crypt:1)
  An ogre simulacrum (Vaults:1)
  4 gnoll sergeants (D:11)
  An earth elemental (D:10)
  A yaktaur skeleton (Crypt:2)
  An elf skeleton (Coc:5)
  A glowing shapeshifter simulacrum (Vaults:1)
  A hornet simulacrum (D:14)
  3 scorpions
  4 small abominations (Depths:2)
  A water moccasin skeleton (Crypt:3)
  3 snapping turtle simulacra
  4 killer bees
  53 wights
  A troll skeleton (Coc:6)
  4 howler monkeys
  13 crimson imps
  17 hounds
  5 lava snakes (Lair:6)
  A quasit (WizLab)
  4 bullfrog zombies
  An elf simulacrum (Coc:2)
  A black bear zombie (Crypt:1)
  39 orc priests
  3 centaur zombies
  4 jellies
  5 centaur skeletons
  3 bullfrog skeletons
  26 orc wizards
  2 iguanas
  7 worker ants
  A killer bee zombie (D:6)
  An ogre skeleton (Crypt:2)
  7 mummies
  A worker ant zombie (D:5)
  10 gnolls
  A howler monkey zombie (D:6)
  10 adders
  3 shadow imps
  27 white imps
  4 swamp drake simulacra (Swamp:4)
  An ufetubus (WizLab)
  An ooze (D:1)
  An iguana zombie (Crypt:2)
  A worm (D:2)
  2 dart slugs
  10 leopard geckos
  169 orcs
  3 ball pythons
  2 bat skeletons
  7 giant cockroaches
  17 goblins
  5 hobgoblins
  3 jackals (D:1)
  20 kobolds
  5 quokkas
  8 bats
  8 frilled lizards
  A hobgoblin skeleton (Crypt:1)
  A jackal skeleton (D:5)
  A quokka skeleton (D:8)
  11 rats
  2 briar patches
  5 tentacles
3529 creatures vanquished.

Vanquished Creatures (others)
  An eldritch tentacle (WizLab)
  A death cob (Zot:2)
  A vault warden (Vaults:5)
  Aizul (Swamp:3)
  3 elemental wellsprings
  2 quicksilver dragon skeletons
  An ice dragon (Swamp:4)
  A naga sharpshooter (Snake:4)
  A spriggan berserker (Depths:4)
  A hell hog (Depths:4)
  A shadow wraith (Vaults:4)
  A spriggan druid (Swamp:4)
  A necromancer (Hell)
  A yaktaur (Vaults:1)
  2 flying skulls
  A water elemental (D:10)
  An air elemental (D:10)
  A fire elemental (Hell)
  3 fire bats (Pan)
  A naga (Snake:4)
  A hell hound (Hell)
  5 ogres
  An orc priest (Orc:2)
  2 orcs (Orc:1)
  A briar patch (Swamp:1)
  A bush (Lair:6)
  5 fungi
  10 plants
  4 starspawn tentacles (WizLab)
  34 tentacles
  14 withered plants
104 creatures vanquished.

Grand Total: 3633 creatures vanquished

Notes
Turn   | Place    | Note
-------+----------+-------------------------------------------
     0 | D:1      | JeffiDaFish the Gargoyle Fighter began the quest for the Orb.
     0 | D:1      | Reached XP level 1. HP: 14/14 MP: 1/1
    39 | D:1      | Reached XP level 2. HP: 18/19 MP: 2/2
   489 | D:1      | Gained mutation: You occasionally shout uncontrollably at your foes. [potion of mutation]
   489 | D:1      | Gained mutation: Your muscles are strong. (Str +2) [potion of mutation]
   489 | D:1      | Gained mutation: You are surrounded by a mild repulsion field. (EV +2) [potion of mutation]
   747 | D:1      | Reached XP level 3. HP: 14/23 MP: 3/3
   797 | D:1      | Reached skill level 4 in Shields
  1194 | D:2      | Found a radiant altar of Vehumet.
  1204 | D:2      | Found a burning altar of Makhleb.
  1301 | D:2      | Reached XP level 4. HP: 28/28 MP: 4/4
  1765 | D:3      | Found a bloodstained altar of Trog.
  1999 | D:3      | Reached XP level 5. HP: 33/33 MP: 5/5
  2053 | D:3      | Noticed Sigmund
  2063 | D:3      | Killed Sigmund
  2063 | D:3      | Reached skill level 1 in Dodging
  2063 | D:3      | Reached XP level 6. HP: 35/38 MP: 6/6
  2537 | D:4      | Reached skill level 5 in Shields
  2543 | D:4      | Reached skill level 5 in Maces & Flails
  2543 | D:4      | Reached XP level 7. HP: 43/43 MP: 7/7
  2559 | D:4      | Found a shimmering altar of Xom.
  2559 | D:4      | Found a basalt altar of Yredelemnul.
  2598 | D:4      | Found Apnoumpix's Antique Armour Shoppe.
  2930 | D:5      | Entered Level 5 of the Dungeon
  3286 | D:5      | Found an opulent altar of Gozag.
  3886 | D:6      | Noticed Prince Ribbit
  3906 | D:6      | Reached XP level 8. HP: 33/48 MP: 8/8
  3916 | D:6      | Reached skill level 6 in Shields
  3917 | D:6      | Killed Prince Ribbit
  4148 | D:6      | Reached skill level 5 in Armour
  4197 | D:6      | Found an ancient bone altar of Kikubaaqudgha.
  4197 | D:6      | Found a blossoming altar of Fedhas.
  4302 | D:6      | Found a white marble altar of Elyvilon.
  4865 | D:7      | Reached skill level 5 in Fighting
  4920 | D:7      | Noticed a hippogriff
  4927 | D:7      | Killed a hippogriff
  5086 | D:7      | Found a staircase to the Ecumenical Temple.
  5087 | D:7      | Noticed Alphaeus's ghost (novice OpTm)
  5096 | D:7      | Reached XP level 9. HP: 49/54 MP: 9/9
  5109 | D:7      | Reached skill level 7 in Shields
  5158 | D:7      | Killed Alphaeus's ghost
  5387 | Temple   | Entered the Ecumenical Temple
  5691 | D:7      | Found a deep blue altar of Sif Muna.
  5705 | D:7      | Reached skill level 8 in Shields
  5896 | D:8      | Reached XP level 10. HP: 48/60 MP: 10/10
  5967 | D:8      | Noticed a two-headed ogre
  5981 | D:8      | Killed a two-headed ogre
  5981 | D:8      | Reached skill level 10 in Maces & Flails
  6037 | D:8      | Found Gupsoepp's Magic Scroll Emporium.
  6179 | D:8      | Found a flagged portal.
  6190 | Bailey   | Entered a bailey
  6281 | Bailey   | Found a burning altar of Makhleb.
  6291 | Bailey   | Identified the cursed +0 plate armour "Sublamn" {Regen+ Str+2 Int+4 Dex+2} (You found it in a bailey)
  6501 | D:8      | Reached skill level 9 in Shields
  6925 | D:8      | Found an iron altar of Okawaru.
  7012 | D:8      | Became a worshipper of Warmaster Okawaru
  7542 | D:9      | Found a glowing silver altar of Zin.
  7549 | D:9      | Reached * piety under Okawaru
  7639 | D:9      | Reached XP level 11. HP: 62/67 MP: 11/11
  7652 | D:9      | Reached skill level 10 in Shields
  7757 | D:9      | Noticed a hand axe
  7758 | D:9      | Found a hide-covered altar of Uskayaw.
  7759 | D:9      | Noticed a dagger
  7876 | D:10     | Entered Level 10 of the Dungeon
  7878 | D:10     | Found Rosaun's Jewellery Shop.
  7932 | D:10     | Reached ** piety under Okawaru
  8121 | D:10     | Bought an uncursed ring of see invisible for 225 gold pieces
  8156 | D:10     | Noticed a two-headed hydra
  8169 | D:10     | Killed a two-headed hydra
  8169 | D:10     | Reached *** piety under Okawaru
  8388 | D:10     | Found a large runed door.
  8388 | D:10     | Found a large runed door.
  8395 | D:10     | Noticed a two-headed ogre
  8418 | D:10     | Killed a two-headed ogre
  9040 | D:11     | Found a staircase to the Lair.
  9040 | D:11     | Noticed Harold
  9044 | D:11     | Noticed Nergalle
  9214 | D:11     | Noticed a brown ugly thing
  9251 | D:11     | Noticed Urug
  9261 | D:11     | Killed Nergalle
  9261 | D:11     | Reached **** piety under Okawaru
  9275 | D:11     | Killed Urug
  9275 | D:11     | Received a gift from Okawaru
  9277 | D:11     | Reached skill level 11 in Shields
  9521 | D:11     | Killed a brown ugly thing
  9521 | D:11     | Reached XP level 12. HP: 67/76 MP: 12/12
  9534 | D:11     | Killed Harold
  9704 | D:11     | Found a staircase to the Orcish Mines.
  9736 | D:11     | Reached ***** piety under Okawaru
 10721 | Lair:1   | Entered Level 1 of the Lair of Beasts
 10768 | Lair:1   | Received a gift from Okawaru
 11378 | Lair:1   | Reached skill level 1 in Invocations
 11413 | Lair:1   | Received a gift from Okawaru
 11422 | Lair:1   | Got a smoking demon whip {god gift}
 11476 | Lair:1   | Identified the +5 demon whip of Causality {vamp, Str+4} (Okawaru gifted it to you on level 1 of the Lair of Beasts)
 11854 | Lair:2   | Found a staircase to the Swamp.
 11923 | Lair:2   | Noticed Gastronok
 11943 | Lair:2   | Killed Gastronok
 11943 | Lair:2   | Reached skill level 10 in Fighting
 12032 | Lair:2   | Reached XP level 13. HP: 82/82 MP: 14/14
 12043 | Lair:2   | Reached ****** piety under Okawaru
 12043 | Lair:2   | Reached skill level 12 in Shields
 12301 | Lair:2   | Received a gift from Okawaru
 13044 | Lair:3   | Reached skill level 10 in Armour
 13277 | Lair:3   | Received a gift from Okawaru
 13775 | Lair:4   | Found a labyrinth entrance.
 13849 | Lab      | Entered a labyrinth
 14018 | Lab      | Noticed a minotaur
 14036 | Lab      | Killed a minotaur
 14175 | Lair:4   | Noticed Josephine
 14187 | Lair:4   | Killed Josephine
 14198 | Lair:4   | Received a gift from Okawaru
 14328 | Lair:4   | You fall through a shaft for 2 floors!
 14328 | Lair:6   | Entered Level 6 of the Lair of Beasts
 14512 | Lair:6   | Gained mutation: Your large and strong wings let you fly indefinitely. [Gargoyle growth]
 14512 | Lair:6   | Reached XP level 14. HP: 90/90 MP: 17/17
 14594 | Lair:5   | Reached skill level 13 in Shields
 14655 | Lair:5   | Received a gift from Okawaru
 14789 | Lair:5   | Noticed Lucherd's ghost (journeyman TrWr)
 14819 | Lair:5   | Killed Lucherd's ghost
 14819 | Lair:5   | Reached skill level 5 in Dodging
 15277 | Lair:5   | Received a gift from Okawaru
 15632 | Lair:4   | Found a staircase to the Snake Pit.
 15646 | Lair:4   | Noticed Nessos
 15669 | Lair:4   | Killed Nessos
 15669 | Lair:4   | Reached skill level 5 in Invocations
 16019 | Lair:6   | Found a staircase to the Slime Pits.
 16491 | Lair:6   | Found a large runed door.
 16491 | Lair:6   | Found a large runed door.
 16539 | Lair:6   | Received a gift from Okawaru
 16598 | Lair:6   | Got a twisted shield {god gift}
 16609 | Lair:6   | Identified the +2 shield "Baugygett" {rC+} (Okawaru gifted it to you on level 6 of the Lair of Beasts)
 17336 | D:12     | Reached XP level 15. HP: 97/97 MP: 19/19
 17374 | D:12     | Noticed a tengu reaver
 17391 | D:12     | Killed a tengu reaver
 18410 | D:13     | Reached skill level 14 in Shields
 18689 | D:13     | Found Leyweolu's General Store.
 19384 | D:14     | Found a gate to the Vaults.
 19413 | D:14     | Received a gift from Okawaru
 19467 | D:14     | Reached skill level 15 in Maces & Flails
 20066 | D:15     | Entered Level 15 of the Dungeon
 20090 | D:15     | Noticed Histuphus's ghost (journeyman HOFi)
 20124 | D:15     | Killed Histuphus's ghost
 20221 | D:15     | Reached XP level 16. HP: 104/104 MP: 21/21
 20303 | D:15     | Found a staircase to the Depths.
 21248 | Orc:1    | Entered Level 1 of the Orcish Mines
 21397 | Orc:1    | Noticed Maurice
 21416 | Orc:1    | Killed Maurice
 21740 | Orc:2    | Entered Level 2 of the Orcish Mines
 21740 | Orc:2    | Found a staircase to the Elven Halls.
 21798 | Orc:2    | Received a gift from Okawaru
 22835 | Orc:2    | Reached skill level 15 in Shields
 23125 | Orc:2    | Found Vusiuhut's Antique Armour Boutique.
 23128 | Orc:2    | Found Boboesatza's Book Shop.
 23129 | Orc:2    | Found Caodghuo's Antique Weapon Boutique.
 23130 | Orc:2    | Found Yninn's Antique Weapon Boutique.
 23134 | Orc:2    | Bought a manual of Dodging for 1435 gold pieces
 23137 | Orc:2    | Bought a pair of embroidered boots for 255 gold pieces
 23599 | Snake:1  | Entered Level 1 of the Snake Pit
 23633 | Snake:1  | Identified a scroll of acquirement
 23634 | Snake:1  | Got a pair of slimy gloves
 23645 | Snake:1  | Identified the +1 pair of gloves of Kleptomania {-Cast MR+ Dex+9 SInv} (You acquired it on level 1 of the Snake Pit)
 23767 | Snake:1  | Found Onuz's Distillery.
 23767 | Snake:1  | Found Qerisim's Jewellery Shop.
 23768 | Snake:1  | Found Bap Wycellej's Book Boutique.
 23794 | Snake:1  | Found Lyonimuth's Armour Shop.
 23812 | Snake:1  | Bought a potion of berserk rage for 85 gold pieces
 23812 | Snake:1  | Bought 2 potions of heal wounds for 170 gold pieces
 23812 | Snake:1  | Bought 2 potions of heal wounds for 170 gold pieces
 23812 | Snake:1  | Bought a potion of heal wounds for 85 gold pieces
 23834 | Snake:1  | Received a gift from Okawaru
 24491 | Snake:2  | Identified the +3 pair of gloves "Usaor" {+Inv Dex+7} (You found it on level 2 of the Snake Pit)
 24511 | Snake:2  | Noticed a nagaraja
 24519 | Snake:2  | Noticed a nagaraja
 24540 | Snake:2  | Killed a nagaraja
 24549 | Snake:2  | Killed a nagaraja
 24677 | Snake:2  | Reached XP level 17. HP: 111/111 MP: 23/23
 24700 | Snake:2  | Received a gift from Okawaru
 25603 | Snake:3  | Reached skill level 10 in Dodging
 25616 | Snake:3  | Received a gift from Okawaru
 25653 | Snake:3  | Noticed Azrael
 25683 | Snake:3  | Killed Azrael
 25688 | Snake:3  | Noticed Donald
 25762 | Snake:3  | Killed Donald
 26126 | Snake:4  | Entered Level 4 of the Snake Pit
 26126 | Snake:4  | Noticed Inchmeat's ghost (adept MfGl)
 26203 | Snake:4  | Received a gift from Okawaru
 26243 | Snake:4  | Killed Inchmeat's ghost
 26871 | Snake:4  | Reached XP level 18. HP: 116/118 MP: 24/24
 26955 | Snake:4  | Reached skill level 15 in Fighting
 26955 | Snake:4  | Reached skill level 16 in Shields
 27101 | Snake:4  | Received a gift from Okawaru
 27209 | Snake:4  | Got a scorched glass ring
 27210 | Snake:4  | Identified the ring of Dij Tut {rC+ Int+4} (You found it on level 4 of the Snake Pit)
 27321 | Snake:4  | Got a serpentine rune of Zot
 27577 | Swamp:1  | Entered Level 1 of the Swamp
 28329 | Swamp:2  | Reached skill level 15 in Armour
 28462 | Swamp:2  | Noticed Frances
 28485 | Swamp:2  | Killed Frances
 28818 | Swamp:3  | Received a gift from Okawaru
 28929 | Swamp:3  | Reached skill level 17 in Shields
 29128 | Swamp:3  | Noticed Aizul
 29150 | Swamp:3  | Killed Aizul
 29154 | Swamp:3  | Received a gift from Okawaru
 29584 | Swamp:4  | Entered Level 4 of the Swamp
 29999 | Swamp:4  | Got a decaying rune of Zot
 30130 | Swamp:4  | Reached XP level 19. HP: 120/125 MP: 25/25
 30237 | Swamp:4  | Noticed Mara
 30240 | Swamp:4  | Noticed Nikola
 30272 | Swamp:4  | Killed Nikola
 30275 | Swamp:4  | Noticed JeffiDaFish's illusion
 30283 | Swamp:4  | Killed Mara
 30742 | Depths:1 | Entered Level 1 of the Depths
 30851 | Depths:1 | Reached skill level 18 in Shields
 31038 | Depths:1 | Received a gift from Okawaru
 31140 | Depths:1 | Found a gateway to Hell.
 31145 | Depths:1 | Noticed Saint Roka
 31194 | Depths:1 | Killed Saint Roka
 31194 | Depths:1 | Received a gift from Okawaru
 31447 | Depths:1 | Found a corrupted altar of Lugonu.
 31551 | Depths:1 | Reached skill level 19 in Shields
 31750 | Vaults:1 | Entered Level 1 of the Vaults
 31961 | Vaults:1 | Received a gift from Okawaru
 32032 | Vaults:1 | Noticed Jorgrun
 32047 | Vaults:1 | Killed Jorgrun
 32172 | Vaults:1 | Found Nokot's Food Shop.
 32496 | Vaults:1 | Reached XP level 20. HP: 132/132 MP: 26/26
 32809 | Vaults:1 | Reached skill level 20 in Shields
 33093 | Vaults:1 | Received a gift from Okawaru
 34056 | Vaults:2 | Received a gift from Okawaru
 34294 | Vaults:2 | Found Mikhap's Armour Emporium.
 34721 | Vaults:3 | Reached skill level 21 in Shields
 34983 | Vaults:3 | Received a gift from Okawaru
 35250 | Vaults:3 | Reached XP level 21. HP: 139/139 MP: 27/27
 35867 | Vaults:3 | Received a gift from Okawaru
 36010 | Vaults:3 | Found a staircase to the Crypt.
 36909 | Vaults:4 | Noticed Boris
 36986 | Vaults:4 | Killed Boris
 36986 | Vaults:4 | Received a gift from Okawaru
 36988 | Vaults:4 | Found Jelaak's Antique Weapon Emporium.
 38064 | Vaults:4 | Reached skill level 22 in Shields
 38501 | Vaults:5 | Entered Level 5 of the Vaults
 38673 | Vaults:4 | Received a gift from Okawaru
 38802 | Vaults:4 | Reached XP level 22. HP: 134/146 MP: 28/28
 39403 | Vaults:5 | Found Sosen's Weapon Boutique.
 39561 | Vaults:5 | Received a gift from Okawaru
 39919 | Vaults:5 | Noticed an ancient lich
 40130 | Vaults:5 | Noticed an ancient lich
 40170 | Vaults:5 | Killed an ancient lich
 40226 | Vaults:5 | Got a scintillating pewter amulet
 40238 | Vaults:5 | Noticed a golden dragon
 40254 | Vaults:5 | Killed a golden dragon
 40646 | Vaults:5 | Reached XP level 23. HP: 153/153 MP: 29/29
 40732 | Vaults:5 | Received a gift from Okawaru
 40745 | Vaults:5 | Identified the amulet "Reankis" {+Rage Str+4} (You took it off an ironheart preserver on level 5 of the Vaults)
 40747 | Vaults:5 | Identified the +0 pair of gloves of Okawaru's Wrath {rF+ Str+2 Dex-4} (Okawaru gifted it to you on level 5 of the Vaults)
 40861 | Vaults:5 | Found Onanufum's Gadget Shoppe.
 40868 | Vaults:5 | Found Kigekat's Magic Scroll Shop.
 40869 | Vaults:5 | Found Luipp's Distillery.
 40873 | Vaults:5 | Bought a scroll of blinking for 120 gold pieces
 40873 | Vaults:5 | Bought a scroll of blinking for 120 gold pieces
 40877 | Vaults:5 | Bought a potion of heal wounds for 95 gold pieces
 40884 | Vaults:5 | Found Faepleeh's Gadget Shop.
 40912 | Vaults:5 | Noticed an ancient lich
 40947 | Vaults:5 | Killed an ancient lich
 40967 | Vaults:5 | Killed an ancient lich
 41257 | Vaults:5 | Identified the Guide on the Igneous Escort
 41264 | Vaults:5 | Got a silver rune of Zot
 41273 | Vaults:5 | Identified the Guide on Companions and Dark Rituals
 41984 | Depths:2 | Reached skill level 23 in Shields
 42259 | Depths:2 | Found a gateway to a ziggurat.
 42293 | Depths:2 | Noticed the Enchantress
 42321 | Depths:2 | Noticed a golden dragon
 42330 | Depths:2 | Killed the Enchantress
 42346 | Depths:2 | Paralysed by a floating eye for 4 turns
 42349 | Depths:2 | HP: 3/155 [fire giant/great sword of flaming (7)]
 42708 | Depths:1 | Received a gift from Okawaru
 43059 | Depths:2 | Killed a golden dragon
 43233 | Depths:2 | Reached XP level 24. HP: 150/161 MP: 29/29
 43613 | Depths:2 | Received a gift from Okawaru
 43630 | Depths:2 | Found a one-way gate to the infinite horrors of the Abyss.
 44134 | Depths:3 | Received a gift from Okawaru
 44715 | Depths:3 | Found a one-way gate leading to the halls of Pandemonium.
 44752 | Depths:3 | Found a glowing silver altar of Zin.
 44752 | Depths:3 | Found a hide-covered altar of Uskayaw.
 44753 | Depths:3 | Found an ancient bone altar of Kikubaaqudgha.
 45234 | Depths:3 | Received a gift from Okawaru
 45431 | Depths:3 | Paralysed by a floating eye for 2 turns
 45714 | Depths:3 | Noticed a caustic shrike
 45732 | Depths:3 | Killed a caustic shrike
 45744 | Depths:3 | Noticed a juggernaut
 45745 | Depths:3 | Noticed a juggernaut
 45765 | Depths:3 | Killed a juggernaut
 45782 | Depths:3 | Killed a juggernaut
 45782 | Depths:3 | Reached XP level 25. HP: 168/168 MP: 29/29
 45909 | Depths:3 | Reached skill level 15 in Dodging
 45923 | Depths:3 | Reached skill level 24 in Shields
 46261 | Depths:3 | Received a gift from Okawaru
 46601 | Elf:1    | Entered Level 1 of the Elven Halls
 47355 | Elf:1    | Identified the Papyrus of Creation
 47817 | Elf:2    | Found a runed gate.
 47901 | Elf:2    | Found a magical portal.
 47979 | WizLab   | Entered The Roulette of Golubria
 47979 | WizLab   | Found a transporter.
 48084 | WizLab   | Found a corrupted altar of Lugonu.
 48163 | WizLab   | Found a transporter.
 48184 | WizLab   | Found a transporter.
 48203 | WizLab   | Found a transporter.
 48203 | WizLab   | Found a transporter.
 48255 | WizLab   | Found a transporter.
 48271 | WizLab   | Found a transporter.
 48271 | WizLab   | Found a transporter.
 48287 | WizLab   | Identified Golubria's Papyrus of the Compass
 48302 | WizLab   | Got a jewelled cloak
 48313 | WizLab   | Identified the +2 cloak of Vequumunu {rPois rC+ rCorr} (You found it in a wizard's laboratory)
 48330 | WizLab   | Identified the cursed +0 cloak "Gilar" {Int-4 Dex+5} (You found it in a wizard's laboratory)
 48359 | WizLab   | Learned a level 2 spell: Blink
 48364 | WizLab   | Found a transporter.
 48364 | WizLab   | Found a transporter.
 48410 | WizLab   | Found a transporter.
 48410 | WizLab   | Found a transporter.
 48430 | WizLab   | Reached skill level 1 in Translocations
 48473 | WizLab   | Found a transporter.
 48473 | WizLab   | Found a transporter.
 48515 | WizLab   | Identified a +1 pair of boots of running (You found it in a wizard's laboratory)
 48551 | WizLab   | Found a transporter.
 48551 | WizLab   | Found a transporter.
 48616 | WizLab   | Found a corrupted altar of Lugonu.
 48744 | WizLab   | Found a transporter.
 48787 | WizLab   | Found a corrupted altar of Lugonu.
 48834 | WizLab   | Found a transporter.
 48976 | WizLab   | Found a transporter.
 48976 | WizLab   | Found a transporter.
 49351 | Elf:2    | Reached skill level 1 in Spellcasting
 49361 | Elf:2    | Found a runed gate.
 49361 | Elf:2    | Found a runed gate.
 49492 | Elf:2    | Received a gift from Okawaru
 49854 | Elf:3    | Entered Level 3 of the Elven Halls
 49863 | Elf:3    | Found a deep blue altar of Sif Muna.
 50350 | Elf:3    | Got a heavily runed marble ring
 50352 | Elf:3    | Identified the ring of the Bruised Deaths {rC++ Stlth+} (You found it on level 3 of the Elven Halls)
 50371 | Elf:3    | Got a clouded jade ring
 50393 | Elf:3    | Got a transparent bone ring
 50395 | Elf:3    | Identified the ring "Zisurou" {+Inv rPois rF- EV+2 SInv} (You found it on level 3 of the Elven Halls)
 50398 | Elf:3    | Identified the ring of Egalitarianism {rPois rC+ Dex-2 Stlth+} (You took it off a deep elf demonologist on level 3 of the Elven Halls)
 50409 | Elf:3    | Identified the Tome of Shifting Intoxication
 50466 | Elf:3    | Identified Sif Muna's Compendium of the Bewitching Frostbite
 50695 | Elf:3    | Identified the Tome of the Glacier and Beguiling
 50752 | Elf:3    | Got a scintillating iron amulet
 50754 | Elf:3    | Identified the amulet of Veigg {Harm *Drain Int+6} (You acquired it on level 3 of the Elven Halls)
 51268 | Depths:4 | Reached XP level 26. HP: 176/176 MP: 29/29
 51618 | Depths:4 | Paralysed by a floating eye for 3 turns
 51660 | Depths:4 | Paralysed by a floating eye for 2 turns
 51832 | Depths:4 | Received a gift from Okawaru
 52303 | Depths:4 | Reached skill level 5 in Translocations
 52533 | Depths:5 | Entered Level 5 of the Depths
 53079 | Depths:5 | Received a gift from Okawaru
 53178 | Depths:5 | Reached skill level 5 in Spellcasting
 53421 | Depths:5 | Found a gate to the Realm of Zot.
 53466 | Depths:5 | Reached skill level 25 in Shields
 53756 | Depths:5 | Received a gift from Okawaru
 54043 | Hell     | Entered the Vestibule of Hell
 54043 | Hell     | Noticed Geryon
 54053 | Hell     | Reached XP level 27. HP: 173/183 MP: 31/32
 55696 | Depths:5 | Received a gift from Okawaru
 55715 | Depths:5 | Identified the +1 flail of Plog {crush, rPois MR+ Stlth+} (Okawaru gifted it to you on level 5 of the Depths)
 56025 | Hell     | Killed Geryon
 56860 | Hell     | Found a gateway to the Iron City of Dis.
 56895 | Hell     | Found a gateway to the freezing wastes of Cocytus.
 57085 | Hell     | Found a gateway to the ashen valley of Gehenna.
 57244 | Hell     | Found a gateway to the decaying netherworld of Tartarus.
 58151 | Crypt:1  | Entered Level 1 of the Crypt
 58226 | Crypt:1  | Received a gift from Okawaru
 59648 | Crypt:3  | Entered Level 3 of the Crypt
 59737 | Crypt:3  | Received a gift from Okawaru
 60090 | Crypt:3  | Learned a level 3 spell: Lesser Beckoning
 60168 | Crypt:3  | Found a basalt altar of Yredelemnul.
 60624 | Crypt:3  | Found a staircase to the Tomb.
 60944 | Crypt:3  | Identified the Collected Works on Evil Magic
 60949 | Crypt:3  | Found an ancient bone altar of Kikubaaqudgha.
 60950 | Crypt:3  | Found a basalt altar of Yredelemnul.
 61900 | Coc:1    | Entered Level 1 of Cocytus
 63043 | Coc:2    | Received a gift from Okawaru
 63549 | Coc:2    | Reached skill level 10 in Translocations
 64271 | Coc:2    | Gained mutation: You expend magic power (3 MP) to strengthen your wands. [mutagenic glow]
 64384 | Coc:2    | Gained mutation: You passively map a small area around you. [mutagenic glow]
 64469 | Coc:2    | Reached skill level 26 in Shields
 64482 | Coc:2    | Reached skill level 10 in Spellcasting
 66560 | Coc:4    | Received a gift from Okawaru
 68606 | Coc:5    | Gained mutation: You sometimes yell uncontrollably at your foes. [a neqoxec]
 68874 | Coc:5    | Received a gift from Okawaru
 70260 | Coc:6    | Received a gift from Okawaru
 71605 | Coc:7    | Entered Level 7 of Cocytus
 72147 | Coc:7    | Received a gift from Okawaru
 72370 | Coc:7    | Paralysed by the power of Zot for 4 turns
 72621 | Coc:7    | Reached skill level 27 in Shields
 72721 | Coc:7    | Got a wavering pewter ring
 73355 | Coc:7    | Noticed Antaeus
 73433 | Coc:7    | Killed Antaeus
 73450 | Coc:7    | Identified the ring of Dishonour {rCorr Int+2} (You took it off a skeletal warrior on level 7 of Cocytus)
 73577 | Coc:7    | Received a gift from Okawaru
 73623 | Coc:7    | Got an icy rune of Zot
 73683 | Coc:7    | Identified Qiustrun's Collected Works on Hexes
 74615 | Pan      | Entered Pandemonium
 74691 | Pan      | Found an exit through the horrors of the Abyss.
 74960 | Pan      | Noticed Gasch the pandemonium lord
 74967 | Pan      | Paralysed by a floating eye for 4 turns
 74982 | Pan      | Killed Gasch the pandemonium lord
 75146 | Pan      | Gained mutation: Your flesh is heat resistant. (rF+) [a cacodemon]
 75481 | Pan      | Noticed Yrashius the pandemonium lord
 75489 | Depths:3 | Escaped Pandemonium
 75500 | Depths:3 | Killed Yrashius the pandemonium lord
 75747 | Zot:1    | Entered Level 1 of the Realm of Zot
 76077 | Zot:1    | Received a gift from Okawaru
 76483 | Zot:1    | Noticed an orb of fire
 76497 | Zot:1    | Gained mutation: You do not regenerate when monsters are visible. [an orb of fire]
 76513 | Zot:1    | Killed an orb of fire
 76825 | Zot:1    | You are sucked into a shaft!
 76918 | Zot:2    | Reached skill level 1 in Evocations
 78378 | Vaults:5 | Bought a potion of curing for 57 gold pieces
 78378 | Vaults:5 | Bought a potion of curing for 57 gold pieces
 78383 | Vaults:5 | Bought a scroll of acquirement for 832 gold pieces
 79182 | Zot:2    | Received a gift from Okawaru
 81386 | Orc:2    | Bought a runed shield for 255 gold pieces
 82020 | Zot:3    | Noticed an orb of fire
 82058 | Zot:3    | Killed an orb of fire
 82166 | Zot:3    | Received a gift from Okawaru
 82598 | Zot:3    | Noticed an orb of fire
 82621 | Zot:3    | Killed an orb of fire
 82731 | Zot:3    | Noticed an orb of fire
 82752 | Zot:3    | Gained mutation: Armour fits poorly on your strangely shaped body. [an orb of fire]
 82764 | Zot:3    | Gained mutation: You are frail. (-10% HP) [an orb of fire]
 82788 | Zot:3    | Gained mutation: You are covered in fur. (AC +1) [an orb of fire]
 82793 | Zot:3    | Killed an orb of fire
 82793 | Zot:3    | Reached skill level 5 in Evocations
 83140 | Zot:4    | Received a gift from Okawaru
 83323 | Zot:4    | Received a gift from Okawaru
 83357 | Zot:4    | Killed from afar by a shadow dragon

Skill      XL: |  1  2  3  4  5  6  7  8  9 10 11 12 13 14 15 16 17 18 19 20 21 22 23 24 25 26 27 |
---------------+----------------------------------------------------------------------------------+-----
Shields        | 4 5 6 8 9 11 12 13 14 15 17 19 21 22 23 24 25 27 | 27.0
Maces & Flails | 3 4 5 6 7 9 10 12 13 14 15 16 17 18 19 20 21 25 | 25.0
Dodging        | 1 2 3 4 5 6 8 11 12 13 14 15 17 | 17.9
Fighting       | 4 5 6 7 9 10 11 12 13 14 15 16 17 18 19 20 21 25 | 25.7
Armour         | 4 5 6 7 9 10 11 12 13 14 15 16 17 18 19 20 21 25 | 25.7
Invocations    | 2 4 6 7 8 |  8.7
Translocations | 3 6 12 | 12.6
Spellcasting   | 2 6 13 | 13.1
Evocations     | 5 |  5.4
Stealth        | |  0.8

Action                   |  1- 3 |  4- 6 |  7- 9 | 10-12 | 13-15 | 16-18 | 19-21 | 22-24 | 25-27 || total
-------------------------+-------+-------+-------+-------+-------+-------+-------+-------+-------++-------
Melee: Flail             |   167 |   125 |   352 |  1159 |       |       |       |       |       ||  1803
       Morningstar       |       |    33 |       |       |       |       |       |       |       ||    33
       Demon whip        |       |       |       |    71 |  2013 |  2908 |  3153 |  2756 | 10810 || 21711
 Cast: Blink             |       |       |       |       |       |       |       |       |     8 ||     8
       Lesser Beckoning  |       |       |       |       |       |       |       |       |     1 ||     1
Invok: Heroism           |       |       |       |     1 |     1 |     3 |     2 |       |     4 ||    11
       Finesse           |       |       |       |       |       |     8 |     6 |     8 |    29 ||    51
 Abil: Fly               |       |       |       |       |     1 |       |       |     1 |     1 ||     3
       Stop Flying       |       |       |       |       |       |       |       |     1 |     1 ||     2
  Use: Potion            |     4 |     3 |     7 |     3 |     2 |     2 |     6 |     1 |    25 ||    53
       Scroll            |     4 |     4 |     3 |    11 |     8 |    25 |    11 |     7 |    43 ||   116
 Stab: Petrifying        |       |       |       |       |     3 |       |       |       |       ||     3
       Distracted        |       |       |       |       |       |       |       |     1 |       ||     1
  Eat: Chunk             |     2 |     4 |    10 |    22 |    28 |    31 |    30 |    25 |    72 ||   224
       Royal jelly       |       |       |       |     2 |       |     2 |       |       |    20 ||    24
       Fruit             |       |       |       |     2 |       |       |       |       |    12 ||    14
Armor: Scale mail        |   100 |    57 |    61 |       |       |       |       |       |       ||   218
       Chain mail        |       |       |    95 |     2 |       |       |       |       |       ||    97
       Plate armour      |       |       |       |   522 |   711 |   931 |   876 |   802 |  2623 ||  6465
Dodge: Dodged            |    62 |    71 |   109 |   301 |   517 |  1011 |  1417 |  1220 |  5258 ||  9966
       Deflected         |       |       |     1 |    23 |    17 |       |       |       |       ||    41
Block: Shield            |   114 |    90 |   177 |   674 |  1196 |  2094 |  2516 |  2112 |  8809 || 17782
